 Dungeon Crawl Stone Soup version 0.26-a0-597-gb535b0901c (webtiles) character file.

Game seed: 18325039606514626838

7 Lanoc the Vexing (level 1, 0/10 HPs)
             Began as a Vampire Enchanter on Sept 9, 2020.
             Slain by a worker ant (6 damage)
             ... on level 2 of the Dungeon.
             The game lasted 00:00:35 (287 turns).

Lanoc the Vexing (Vampire Enchanter)                 Turns: 287, Time: 00:00:36

Health: 0/10       AC:  2    Str:  7    XL:     1   Next: 83%
Magic:  3/3        EV: 13    Int: 17    God:
Gold:   71         SH:  0    Dex: 14    Spells: 3/4 levels left

rFire    . . .     SeeInvis +   a - +1 dagger
rCold    + + .     Faith    .   (no shield)
rNeg     + + +     Spirit   .   b - +0 robe
rPois    ∞         Reflect  .   (no helmet)
rElec    .         Harm     .   (no cloak)
rCorr    .                      (no gloves)
MR       .....                  (no boots)
Stlth    +++++.....             (no amulet)
HPRegen  0.00/turn              (no ring)
MPRegen  0.08/turn              (no ring)

@: bloodless
A: fangs 3, see invisible, unbreathing
a: Revivify


You were on level 2 of the Dungeon.
You visited 1 branch of the dungeon, and saw 2 of its levels.

You collected 71 gold pieces.

Inventory:

Hand Weapons
 a - a +1 dagger (weapon)
Armour
 b - a +0 robe (worn)
Scrolls
 e - 2 scrolls of fear {unknown}
 f - 2 scrolls of identify {unknown}
 g - a scroll of noise {unknown}
 h - a scroll of teleportation {unknown}
Potions
 c - a potion of flight {unknown}
 d - a potion of brilliance {unknown}


   Skills:
 + Level 1.3 Short Blades
 + Level 2.3 Dodging
 + Level 4.6 Stealth
 - Level 2.0 Spellcasting
 * Level 4.7 Hexes


You had 3 spell levels left.
You knew the following spells:

 Your Spells              Type           Power        Failure   Level
a - Corona                Hex            ###....      2%          1

Your spell library contained the following spells:

 Spells                   Type           Power        Failure   Level
 Confusing Touch          Hex            ###.....     9%          3
 Tukima's Dance           Hex            ###.....     9%          3
 Ensorcelled Hibernation  Hex/Ice        #.....       11%         2
 Dazzling Flash           Conj/Hex       #.....       22%         3


Dungeon Overview and Level Annotations

Branches:
Dungeon (2/15)

Altars:


Innate Abilities, Weirdness & Mutations

You do not regenerate when monsters are visible.
You are frail without blood (-20% HP).
You can heal yourself when you bite living creatures.
You are immune to poison.
You have razor-sharp teeth.
You have supernaturally acute eyesight. (SInv)
You can survive without breathing.


Message History

You kill the bat!
A rat comes into view.
The helpless rat fails to defend itself.
You bite the rat, and draw its blood! You puncture the rat!
You kill the rat!
You see here a rat corpse.
You see here a bat corpse.
A worker ant comes into view.
The worker ant twitches its antennae in your direction.
The worker ant bites you but does no damage.
You hit the worker ant but do no damage.
The worker ant bites you but does no damage.
You closely miss the worker ant. You bite the worker ant.
The worker ant is lightly wounded.
The worker ant bites you.
You hit the worker ant but do no damage.
The worker ant is lightly wounded.
The worker ant bites you. x2
Ouch! That really hurt!
You die...

###### ### ....#
#..... #.#.# # #.#...
#...## ###. #.#..#
#.... ..<.#.#..#
#...######..#.#..####
#...@a......#.#..#...
#..######.<...#..#.##
#..######.(.#.#....##
#.............#.....#
##.....>.............
######.#.........#..
#.###.#####.#..
#.#.......#.###
#..............


You could see a worker ant.

Vanquished Creatures
  A giant cockroach (D:1)
  A goblin (D:2)
  A hobgoblin (D:1)
  A bat (D:2)
  A frilled lizard (D:1)
  A kobold (D:1)
  A rat (D:2)
7 creatures vanquished.

Notes
Turn   | Place    | Note
-------+----------+-------------------------------------------
     0 | D:1      | Lanoc the Vampire Enchanter began the quest for the Orb.
     0 | D:1      | Reached XP level 1. HP: 13/13 MP: 3/3
   282 | D:2      | Noticed a worker ant
   287 | D:2      | Slain by a worker ant

Illustrated notes

Levels and vault maps discovered:
D:1:      minmay_arrival_five_plusses, layout_loops_ring
D:2:      layout_basic, lemuel_round_altar

Action                   || total
-------------------------++-------
Melee: Dagger            ||    18
       Bite              ||     2
 Abil: Exsanguinate      ||     1
 Stab: Sleeping          ||     4
Armor: Robe              ||     3
Dodge: Dodged            ||     8

Table legend: (Time is in decaauts)
 A = Elapsed time spent in this place.
 B = Non-inter-level travel time spent in this place.
 C = Inter-level travel time spent in this place.
 D = Time resting spent in this place.
 E = Time spent auto-exploring this place.
 F = Levels seen in this place.
 G = Mean time per level.
                   A        B        C        D        E       F      G
               +--------+--------+--------+--------+--------+-----+--------+
         Total |    285 |    259 |     26 |      0 |    198 |   2 |  142.5 |
       Dungeon |    285 |    259 |     26 |      0 |    198 |   2 |  142.5 |
               +--------+--------+--------+--------+--------+-----+--------+

Top non-repeatable levels by time:
     D:1: 175 daAuts
     D:2: 110 daAuts
